 Dungeon Sprint DCSS version 0.31.0-9-g3a7656b989 (webtiles) character file.

Game seed: 8050793041108253102

1221 Heoruswealwe the Impaler (level 8, -1/82 HPs)
             Began as a Minotaur Fighter on Feb 4, 2024.
             Was an Initiate of Gozag.
             Slain by a manticore (9 damage)
             ... in the Dungeon (Sprint IX: "|||||||||||||||||||||||||||||").
             The game lasted 00:02:49 (404 turns).

Heoruswealwe the Impaler (Minotaur Fighter)          Turns: 404, Time: 00:02:51

Health: -1/82      AC: 15    Str: 24    XL:     8   Next: 23%
Magic:  7/7        EV: 10    Int:  5    God:    Gozag
Gold:   603        SH:  0    Dex:  9    Spells: 7/7 levels left

rFire   . . .        b - +2 halberd (venom)
rCold   . . .        (shield currently unavailable)
rNeg    . . .        c - +1 scale mail
rPois   .            (helmet restricted)
rElec   .            h - +0 cloak
rCorr   .            (no gloves)
SInv    .            e - +0 pair of boots
Will    .....        (no amulet) Stlth
                     k - +2 ring of protection
HPRegen 0.33/turn    (no ring)
MPRegen 0.10/turn

%: no teleportation
@: gold aura
A: horns 2, retaliatory headbutt
a: Renounce Religion, Potion Petition, Call Merchant, Bribe Branch


You were in the Dungeon.
You worshipped Gozag.
Gozag was pleased with you.
You visited 1 branch You collected 603 gold pieces.

Inventory:

Hand Weapons
 a - a +0 trident
 b - a +2 halberd of venom (weapon)
Armour
 c - a +1 scale mail (worn)
 d - a +0 buckler
 e - a +0 pair of boots (worn)
 h - a +0 cloak (worn)
Jewellery
 k - a +2 ring of protection (left hand)
Wands
 m - a wand of iceblast (10)
Scrolls
 j - 2 scrolls of blinking
Potions
 g - a potion of haste
 i - a potion of berserk rage
 l - 5 potions of curing
 n - a potion of might


   Skills:
 + Level 11.5 Fighting
 * Level 15.3 Polearms
 + Level 11.5 Armour
 - Level 3.6 Shields


You had 7 spell levels left.
You didn't know any spells.
Your spell library was empty.

Dungeon Overview and Level Annotations

Branches:
Dungeon (1/1)

Altars:
Cheibriados
Dithmenos
Elyvilon
Fedhas
Gozag
Hepliaklqana
Kikubaaqudgha
Makhleb
Nemelex Xobeh
Okawaru
Qazlal
Ru
Sif Muna
Trog
Uskayaw
Vehumet
Wu Jian
Xom
Yredelemnul
Zin
The Shining One
Jiyva
Lugonu


Innate Abilities, Weirdness & Mutations

You have a pair of horns on your head.
You reflexively headbutt those who attack you in melee.


Message History

The deep elf pyromancer hits you but does no damage.
The centaur warrior hits you. The centaur warrior closely misses you.
You slash the centaur warrior!
You kill the centaur warrior!
The deep elf pyromancer mumbles some strange words.
The deep elf pyromancer blinks!
Your Fighting skill increases to level 11!
Your Polearms skill gained 2 levels and is now at level 15!
Your Armour skill increases to level 11!
You have reached level 8!
You feel stronger.
You barely miss the manticore. The manticore bites you.
The manticore barely misses you. The manticore closely misses you.
You closely miss the manticore. You slash the manticore!
You headbutt the manticore.
The manticore is moderately wounded.
The manticore bites you! The manticore claws you.
The manticore barely misses you.
You completely miss the manticore.
The manticore is moderately wounded.
The manticore closely misses you. You furiously retaliate!
You headbutt the manticore! The manticore claws you.
The manticore claws you but does no damage.
You completely miss the manticore.
The manticore is heavily wounded.
The manticore bites you!
* * * LOW HITPOINT WARNING * * *
The manticore claws you but does no damage.
The manticore closely misses you.
You hit the manticore.
The manticore is poisoned.
The manticore is heavily wounded.
You barely miss the manticore.
The manticore is heavily wounded.
The manticore bites you!
* * * LOW HITPOINT WARNING * * *
The manticore claws you.
* * * LOW HITPOINT WARNING * * *
The manticore claws you!
You die...
Your body crumbles into a pile of gold.

▓.▓
▓'▓
▓[▓
▓.▓
▓.▓
▓.▓
▓.▓
▓.▓
▓@▓
▓H▓
▓e▓
▓c▓
▓c▓
▓B▓
▓.▓
▓+▓


You could see a boulder beetle, 2 centaur warriors, a manticore (very poisoned)
and a deep elf pyromancer.

Vanquished Creatures
  A centaur warrior (D)
  A troll (D)
  A vampire mosquito (D)
  An acid dragon (D)
  A howler monkey (D)
  A bombardier beetle (D)
  2 gnoll boudas (D)
  A sleepcap (D)
  An adder (D)
  An orc (D)
  A ball python (D)
  An endoplasm (D)
  A quokka (D)
  A frilled lizard (D)
  2 kobolds (D)
17 creatures vanquished.

Notes
Turn   | Place    | Note
-------+----------+-------------------------------------------
     0 | D        | Heoruswealwe the Minotaur Fighter began the quest for the
                  | Orb.
     0 | D        | Reached XP level 1. HP: 19/19 MP: 0/0
     5 | D        | Reached skill level 3 in Polearms
    17 | D        | Noticed a bombardier beetle
    17 | D        | Noticed a sleepcap
    19 | D        | Reached skill level 4 in Polearms
    24 | D        | Killed a bombardier beetle
    25 | D        | Reached skill level 5 in Fighting
    25 | D        | Reached skill level 6 in Polearms
    25 | D        | Reached skill level 5 in Armour
    25 | D        | Reached XP level 2. HP: 29/29 MP: 1/1
    25 | D        | Reached XP level 3. HP: 36/36 MP: 2/2
    39 | D        | Reached skill level 7 in Polearms
    39 | D        | Reached XP level 4. HP: 38/44 MP: 3/3
    47 | D        | Found a snail-covered altar of Cheibriados.
    47 | D        | Found a shadowy altar of Dithmenos.
    47 | D        | Found a white marble altar of Elyvilon.
    47 | D        | Found a blossoming altar of Fedhas.
    47 | D        | Found an opulent altar of Gozag.
    48 | D        | Found a hazy altar of Hepliaklqana.
    49 | D        | Found a viscous altar of Jiyva.
    50 | D        | Found an ancient bone altar of Kikubaaqudgha.
    51 | D        | Found a corrupted altar of Lugonu.
    52 | D        | Found a burning altar of Makhleb.
    53 | D        | Found a sparkling altar of Nemelex Xobeh.
    54 | D        | Found an iron altar of Okawaru.
    55 | D        | Became a worshipper of Gozag Ym Sagoz the Greedy
    56 | D        | Found a stormy altar of Qazlal.
    57 | D        | Found a sacrificial altar of Ru.
    58 | D        | Found a shimmering blue altar of Sif Muna.
    59 | D        | Found a bloodstained altar of Trog.
    60 | D        | Found a hide-covered altar of Uskayaw.
    61 | D        | Found a radiant altar of Vehumet.
    62 | D        | Found an ornate altar of the Wu Jian Council.
    63 | D        | Found a shimmering altar of Xom.
    64 | D        | Found a basalt altar of Yredelemnul.
    65 | D        | Found a glowing silver altar of Zin.
    66 | D        | Found a glowing golden altar of the Shining One.
   132 | D        | Noticed a vampire mosquito
   132 | D        | Noticed a troll
   132 | D        | Noticed an acid dragon
   136 | D        | Reached skill level 8 in Polearms
   138 | D        | Killed a vampire mosquito
   139 | D        | Reached skill level 10 in Polearms
   139 | D        | Reached XP level 5. HP: 32/53 MP: 4/4
   151 | D        | Killed a troll
   152 | D        | Reached skill level 12 in Polearms
   152 | D        | Reached XP level 6. HP: 32/64 MP: 5/5
   341 | D        | Killed an acid dragon
   342 | D        | Reached skill level 10 in Fighting
   342 | D        | Reached skill level 13 in Polearms
   342 | D        | Reached skill level 10 in Armour
   342 | D        | Reached XP level 7. HP: 56/72 MP: 6/6
   391 | D        | Noticed a centaur warrior
   391 | D        | Noticed a deep elf pyromancer
   391 | D        | Noticed a centaur warrior
   391 | D        | Noticed a manticore
   391 | D        | Noticed a boulder beetle
   391 | D        | Noticed a centaur warrior
   397 | D        | Killed a centaur warrior
   398 | D        | Reached skill level 15 in Polearms
   398 | D        | Reached XP level 8. HP: 50/82 MP: 7/7
   404 | D        | Slain by a manticore

Illustrated notes

Levels and vault maps discovered:
D:        linesprint [early_d, line_temple, items_1, d_10, items_2, lair_1,
          lair_end, items_3, orc_1, orc_end, items_4, d_15, swamp_1, shoals_1,
          snake_1, spider_1, d_20, vaults_1, items_5, swamp_end, shoals_end,
          snake_end, spider_end, vaults_end, d_27, items_6, zot_1, zot_end,
          crypt_end, forest_end, elf_end, slime_end, tomb_end, abyss_end,
          pan_hell_end]

Skill      XL: |  1  2  3  4  5  6  7 |
---------------+----------------------+-----
Polearms       | 6 7 10 12 13 15 | 15.3
Fighting       | 5 6 8 9 10 11 | 11.5
Armour         | 5 6 8 9 10 11 | 11.5
Shields        | |  3.6

Action                     |  1- 3 |  4- 6 |  7- 9 || total
---------------------------+-------+-------+-------++-------
  Melee: Trident           |    27 |     3 |       ||    30
         Headbutt          |     4 |     5 |     1 ||    10
         Halberd           |       |    26 |    16 ||    42
    Use: Potion            |       |     3 |       ||     3
   Stab: Distracted        |       |     1 |       ||     1
 Armour: Scale mail        |    10 |    34 |    22 ||    66
  Dodge: Dodged            |     9 |    17 |     9 ||    35
  Block: Buckler           |     7 |       |       ||     7
